 Dungeon Crawl Stone Soup version 0.23-a0-516-g0f8c245 (webtiles) character file.

112 galech the Skirmisher (level 4, 0/37 HPs)
             Began as a Demonspawn Fighter on Dec 5, 2018.
             Killed by nerve-wracking pain
             ... invoked by an orc priest
              (8 damage)
             ... on level 2 of the Dungeon.
             The game lasted 00:02:11 (1442 turns).

galech the Skirmisher (Demonspawn Fighter)          Turns: 1442, Time: 00:02:13

Health: 0/37       AC:  5    Str: 17    XL:     4   Next: 63%
Magic:  13/13      EV:  8    Int:  9    God:
Gold:   99         SH:  9    Dex: 13    Spells: 3/3 levels left

rFire    . . .     SeeInvis .   a - +0 war axe
rCold    . . .     Gourm    .   c - +0 shield
rNeg     . . .     Faith    .   r - +0 ring mail (curse)
rPois    .         Spirit   .   (no helmet)
rElec    .         Reflect  .   (no cloak)
rCorr    .         Harm     .   (no gloves)
MR       .....                  (no boots)
Stlth    +.........             l - amulet of regeneration
HPRegen  0.52/turn              q - ring of magical power
MPRegen  0.13/turn              (no ring)

@: no status effects
A: talons 1
a: no special abilities


You were on level 2 of the Dungeon.
You were not hungry.

You visited 1 branch of the dungeon, and saw 3 of its levels.

You collected 99 gold pieces.

Inventory:

Hand Weapons
 a - a +0 war axe (weapon)
Armour
 b - a +0 scale mail
 c - a +0 shield (worn)
 r - a cursed +0 ring mail (worn)
Jewellery
 l - an amulet of regeneration (around neck)
 q - a ring of magical power (left hand)
Scrolls
 e - 2 scrolls of remove curse {unknown}
 h - 4 scrolls of identify {unknown}
 j - a scroll of teleportation {unknown}
 k - a scroll of blinking {unknown}
 m - a scroll of enchant armour {unknown}
 o - 2 scrolls of enchant weapon {unknown}
 p - a scroll of immolation {unknown}
Potions
 d - a potion of might
 i - a potion of haste {unknown}
 n - a potion of flight {unknown}
 s - a potion of brilliance {unknown}
 t - a potion of mutation {unknown}
Comestibles
 f - 3 rations
 g - 5 chunks of flesh


   Skills:
 + Level 3.7 Fighting
 + Level 3.1 Axes
 + Level 3.0 Armour
 + Level 0.3 Dodging
 + Level 0.6 Stealth
 + Level 3.1 Shields


You had 3 spell levels left.
You didn't know any spells.
Your spell library was empty.

Dungeon Overview and Level Annotations

Branches:
Dungeon (3/15)

Altars:


Innate Abilities, Weirdness & Mutations

You have sharp toenails.


Message History

You are too injured to fight recklessly!
You are too injured to fight recklessly!
You are too injured to fight recklessly!
You are too injured to fight recklessly!
You are too injured to fight recklessly!
You are too injured to fight recklessly!
You are too injured to fight recklessly!
You are too injured to fight recklessly!
You are too injured to fight recklessly!
You closely miss the orc priest. Your kick misses the orc priest.
The orc priest is moderately wounded.
The orc priest closely misses you.
You barely miss the orc priest.
The orc priest is moderately wounded.
The orc priest calls down the wrath of Beogh upon you.
Pain shoots through your body!
* * * LOW HITPOINT WARNING * * *
The orc priest calls down the wrath of Beogh upon you.
Pain shoots through your body!
You die...

####### #..÷..#
#.###.# #.#
#.########## #.#
#.......÷..# ###
######..o@.#
#####....###.#
###.......†...)#
##).......#######
#......####
##...#### #...##
##...# #...##


You could see an orc priest.

Vanquished Creatures
  6 adders (D:2)
  An ooze (D:1)
  A worm (D:2)
  2 dart slugs
  A leopard gecko (D:1)
  A giant cockroach (D:1)
  4 goblins
  5 hobgoblins
  2 jackals (D:1)
  A quokka (D:3)
  5 bats (D:1)
  4 frilled lizards
  10 kobolds
  6 rats
49 creatures vanquished.

Notes
Turn   | Place    | Note
-------+----------+-------------------------------------------
     0 | D:1      | galech the Demonspawn Fighter began the quest for the Orb.
     0 | D:1      | Reached XP level 1. HP: 18/18 MP: 1/1
   111 | D:1      | Gained mutation: You have sharp toenails. [demonic
                  | ancestry]
   111 | D:1      | Reached XP level 2. HP: 21/24 MP: 2/2
   533 | D:1      | Reached XP level 3. HP: 29/29 MP: 3/3
   969 | D:2      | Reached XP level 4. HP: 36/36 MP: 4/4
  1442 | D:2      | Killed from afar by an orc priest

Vault maps used:
D:1:      grunt_arrival_lava_bath, chequers_serial_rivers_micro_a,
          chequers_mini_garden
D:2:      palyth_stone_intersect, eino_curves_04
D:3:      uniq_jessica

Skill      XL: |  1  2  3  4 |
---------------+-------------+-----
Axes           | 2 3 |  3.1
Armour         | 3 |  3.0
Shields        | 3 |  3.1
Fighting       | |  3.7
Dodging        | |  0.3
Stealth        | |  0.6

Action                   |  1- 3 |  4- 6 || total
-------------------------+-------+-------++-------
Melee: War axe           |    84 |    54 ||   138
       Kick              |    13 |    10 ||    23
  Eat: Chunk             |       |     2 ||     2
Armor: Scale mail        |    39 |       ||    39
       Ring mail         |       |    25 ||    25
Dodge: Dodged            |    26 |    22 ||    48
Block: Shield            |    43 |    29 ||    72

Table legend:
 A = Non-vault XP
 B = Vault XP
 C = Vault XP percentage of total XP
 D = Non-vault monster count
 E = Vault monster count
 F = Vault count percentage of total count
                 A         B        C        D         E       F
            +---------+---------+-------+---------+---------+-------
      Total |     160 |       0 |   0.0 |      49 |       0 |   0.0
            +---------+---------+-------+---------+---------+-------
        D:1 |      53 |       0 |   0.0 |      30 |       0 |   0.0
        D:2 |     104 |       0 |   0.0 |      17 |       0 |   0.0
        D:3 |       3 |       0 |   0.0 |       2 |       0 |   0.0
            +---------+---------+-------+---------+---------+-------
